 Dungeon Sprint DCSS version 0.30-a0-1112-gfb780f5df6 (webtiles) character file.

Game seed: 4190754223653215180

22 sircluck the Chopper (level 2, 0/29 HPs)
             Began as a Hill Orc Berserker on Apr 19, 2023.
             Was a Believer of Trog.
             Slain by Crazy Yiuf
             ... wielding a +4 quarterstaff of chaos
              (2 damage)
             ... in the Dungeon (Sprint III: "The Ten Rune Challenge").
             The game lasted 00:00:20 (104 turns).

sircluck the Chopper (Hill Orc Berserker)            Turns: 104, Time: 00:00:21

Health: 0/29       AC:  2    Str: 19    XL:     2   Next: 91%
Magic:  0/2        EV: 12    Int:  7    God:    Trog [**....]
Gold:   0          SH:  0    Dex: 10    Spells: 1/1 levels left

rFire   . . .      SeeInvis .    a - +0 hand axe
rCold   . . .      Faith    .    (no shield)
rNeg    . . .      Spirit   .    b - +0 animal skin
rPois   .          Reflect  .    (no helmet)
rElec   .          Rampage  .    (no cloak)
rCorr   .          NoTele   +    (no gloves)
Will    .....                    (no boots)
Stlth   +                        (no amulet)
HPRegen 0.24/turn                (no ring)
MPRegen 0.08/turn                (no ring)

@: lethally poisoned (0 -> -4), on berserk cooldown, slowed, very slow
A: no striking features
a: Renounce Religion, Berserk, Trog's Hand


You were in the Dungeon.
You worshipped Trog.
Trog was pleased with you.
You visited 1 branch

Inventory:

Hand Weapons
 a - a +0 hand axe (weapon)
Missiles
 i - 3 stones (quivered)
Armour
 b - a +0 animal skin (worn)
Scrolls
 h - a scroll of blinking
Potions
 c - a potion of curing
 d - a potion of heal wounds
 e - a potion of haste
 f - 2 potions of magic
 g - a potion of berserk rage


   Skills:
 + Level 5.3 Fighting
 + Level 6.0 Axes
 + Level 2.8 Armour
 + Level 2.2 Dodging
 + Level 0.6 Stealth


You had one spell level left.
You didn't know any spells.
Your spell library was empty.

Dungeon Overview and Level Annotations

Branches:
Dungeon (1/1)

Altars:

Annotations:
D Crazy Yiuf


Message History

The human hits you.
You hit the human.
The human is almost dead.
You closely miss the human.
The human is almost dead.
The human misses you.
You barely miss the human.
The human is almost dead.
The human closely misses you.
You slash the human!
You kill the human!
Trog accepts your kill.
Your Fighting skill increases to level 5!
Your Axes skill gained 2 levels and is now at level 6!
Your Dodging skill increases to level 2!
You have reached level 2!
Calm down first, please.
You are no longer berserk.
You are exhausted.
You feel yourself slow down.
Crazy Yiuf the Enlightened comes into view.
He is wielding a +4 quarterstaff of chaos.
Crazy Yiuf shouts!
Crazy Yiuf hits you with a +4 quarterstaff of chaos!
You feel your power leaking away.
You hit Crazy Yiuf but do no damage. Crazy Yiuf closely misses you.
You hit Crazy Yiuf but do no damage.
Crazy Yiuf hits you with a +4 quarterstaff of chaos.
You are poisoned.
Crazy Yiuf completely misses you.
You slash Crazy Yiuf!
Crazy Yiuf is moderately wounded.
You feel very sick. Crazy Yiuf completely misses you.
You barely miss Crazy Yiuf.
Crazy Yiuf is moderately wounded.
You feel sick.
Crazy Yiuf hits you with a +4 quarterstaff of chaos!
* * * LOW HITPOINT WARNING * * *
Crazy Yiuf burns you.
You die...

▓▓▓▓ ▓▓▓▓▓ ▓<.#
+...♣♣♣♣ ▓..#
#......♣
▓#'####.....♣♣
▓.....#....~.♣
▓.....#...~~.♣.
▓....:#g.~~~~.♣♣
▓####'#@.~≈≈~~~♣
▓.....#.~~≈~~~..
▓.†.†.#.~≈~~~...
▓.....#.~~~.....
▓'#####.........
▓...............
▓▓▓▓▓▓▓▓▓▓▓▓▓▓▓▓


You could see Crazy Yiuf.

Vanquished Creatures
  A human (D)
  2 endoplasms (D)
  2 rats (D)
5 creatures vanquished.

Notes
Turn   | Place    | Note
-------+----------+-------------------------------------------
     0 | D        | sircluck the Hill Orc Berserker began the quest for the
                  | Orb.
     0 | D        | Reached XP level 1. HP: 19/19 MP: 1/1
    51 | D        | Reached ** piety under Trog
    92 | D        | Reached skill level 5 in Fighting
    92 | D        | Reached skill level 6 in Axes
    92 | D        | Reached XP level 2. HP: 29/29 MP: 2/2
    98 | D        | Noticed Crazy Yiuf
   104 | D        | Slain by Crazy Yiuf

Illustrated notes

Levels and vault maps discovered:
D:        dungeon_sprint_mu [sprint_mu_entry_forest, sprint_mu_temple_rooms,
          sprint_mu_d1_horrors, sprint_mu_d2_genie, sprint_mu_d3_branching,
          sprint_mu_orc_legion, sprint_mu_elf_gauntlet, sprint_mu_hive_nellie,
          sprint_mu_lair_fedhas, sprint_mu_vaults_butterflies,
          sprint_mu_slime_circle, sprint_mu_shoals_kraken,
          sprint_mu_snake_twists, sprint_mu_blade_basic, sprint_mu_crypt_lich,
          sprint_mu_tomb_spiral, sprint_mu_vestibule_basic,
          sprint_mu_gehenna_hellfire, sprint_mu_dis_giant,
          sprint_mu_tartarus_statrot, sprint_mu_cocytus_islands, sprint_mu_zot1]

Skill      XL: |  1 |
---------------+----+-----
Fighting       | 5 |  5.3
Axes           | 6 |  6.0
Dodging        | 2 |  2.2
Armour         | |  2.8
Stealth        | |  0.6

Action                     || total
---------------------------++-------
  Melee: Hand axe          ||    24
 Invoke: Berserk           ||     1
   Stab: Sleeping          ||     2
 Armour: Animal skin       ||     1
  Dodge: Dodged            ||    12

Table legend: (Time is in decaauts)
 A = Elapsed time spent in this place.
 B = Non-inter-level travel time spent in this place.
 C = Inter-level travel time spent in this place.
 D = Time resting spent in this place.
 E = Time spent auto-exploring this place.
 F = Levels seen in this place.
 G = Mean time per level.
                   A        B        C        D        E       F      G
               +--------+--------+--------+--------+--------+-----+--------+
         Total |    105 |    105 |      0 |      0 |     50 |   1 |  105.0 |
       Dungeon |    105 |    105 |      0 |      0 |     50 |   1 |  105.0 |
               +--------+--------+--------+--------+--------+-----+--------+

Top non-repeatable levels by time:
       D: 105 daAuts
